AoeStats
← Tazabatan

MegaRandom

504134486Analyzed
2v2 RM · 27d ago on Sep 4, 2026· 11m 55s· 4 players
Game mode
Random Map
Map size
Medium (4 player)
Population
200
Speed
Normal
Resources
Standard
Victory
Conquest
Starting age
Dark Age
Ending age
Imperial Age
RankedLock teamsTeams togetherTeam positionsShared explorationLock speedFull tech treeHidden civsTurbo modeCheats
Victory
Defeat
🇬🇧 Romans · United Kingdom
1064
+36
🇩🇪 Tupi · Germany
1023
+14
🇦🇷 Magyars · Argentina
1021
-14
🇯🇵 Khmer · Japan
949
-12
Tazabatan
8:59 Loom
11:12 Feudal Age
12:01 Fishing Lines
ojalan
7:42 Loom
11:10 Feudal Age
silversurfer
0:53 Loom
knight
8:05 Loom
10:25 Feudal Age
Connection lost

Rejoining the realm…

Still unreachable

The connection could not be restored.

Session expired

The server has moved on; the page needs a fresh start.